cohdb
Replays
Latest Replays
All Replays
Popular Replays
Top Player Replays
Match Explorer
How It Works
Community
CoH3 Stats
Reddit
Sign in to upload your games and track your stats! →
Sign in with Steam
Match 43073173
Unlisted
Match 43073173
Overview
Messages
Build Orders
End
Construct Infanterie Kompanie
Kettenkrad Recon Vehicle
Selects Terror Battlegroup
Selects Machine Gun Camouflage
MG 42 Machine Gun Team
MG 42 Machine Gun Team
MG 42 Machine Gun Team
Construct Luftwaffe Kompanie
Jäger Squad
Jäger Squad
Luftwaffe Officer Quarters
Jäger Squad
Support Elements
Selects Defend the Fatherland
Pioneer Squad
Pioneer Squad
Wirbelwind Flakpanzer
Medical Bunker
MG 42 Bunker
Side Skirts
Jäger Squad
Forward Retreat Point
Selects King Tiger Heavy Tank
King Tiger Heavy Tank
Jäger Squad
Selects Interrogate
Weers
从心
simranjitsingh713
MZMZ
PIZZADAYO
Sabom
★Kartoffel★Aquiles
The sexy Ginger
0
0
Comments
sign in to comment!
No comments posted yet!